 Dungeon Crawl Stone Soup version 0.30.1-4-g462c640d31 (webtiles) character file.

Game seed: 17220850445262740784

1387 safid the Chiller (level 8, -5/65 HPs)
             Began as a Merfolk Ice Elementalist on Aug 28, 2023.
             Slain by a fire bat (9 damage)
             ... on level 6 of the Dungeon.
             The game lasted 00:12:52 (5930 turns).

safid the Chiller (Merfolk Ice Elementalist)        Turns: 5930, Time: 00:12:52

Health: -5/65      AC:  6    Str:  9    XL:     8   Next: 67%
Magic:  14/16      EV: 12    Int: 16    God:
Gold:   282        SH:  0    Dex: 14    Spells: 6/18 levels left

rFire   . . .        p - +2 dagger (venom)
rCold   . . .        (no shield)
rNeg    . . .        a - +0 robe
rPois   +            (no helmet)
rElec   .            x - +2 cloak {rPois}
rCorr   .            t - +0 pair of gloves
SInv    .            (no boots)
Will    .....        (no amulet)
Stlth   ++           (no ring)
HPRegen 0.30/turn    (no ring)
MPRegen 0.15/turn

%: no passive effects
@: no status effects
A: (nimble swimmer 2), mertail
a: no special abilities


You were on level 6 of the Dungeon.
You visited 1 branch of the dungeon, and saw 6 of its levels.

You collected 282 gold pieces.

Inventory:

Hand Weapons
 p - a +2 dagger of venom (weapon)
Missiles
 v - a throwing net
Armour
 a - a +0 robe (worn)
 t - a +0 pair of gloves (worn)
 x - a +2 cloak of poison resistance (worn)
Wands
 u - a wand of roots (8)
Scrolls
 c - a scroll of summoning {unknown}
 d - 6 scrolls of teleportation
 j - a scroll of enchant weapon {unknown}
 k - 4 scrolls of fog
 l - a scroll of torment {unknown}
 o - a scroll of brand weapon {unknown}
 q - a scroll of fear {unknown}
 r - a scroll of immolation {unknown}
 s - 2 scrolls of enchant armour {unknown}
 y - a scroll of blinking {unknown}
Potions
 b - a potion of magic
 e - 2 potions of mutation {unknown}
 f - a potion of cancellation {unknown}
 g - 2 potions of resistance
 h - a potion of heal wounds {unknown}
 m - a potion of ambrosia {unknown}
 n - 2 potions of curing
 w - a potion of lignification {unknown}


   Skills:
 + Level 6.3 Fighting
 - Level 2.6 Dodging
 - Level 2.1 Stealth
 + Level 5.7 Spellcasting
 + Level 7.9 Ice Magic


You had 6 spell levels left.
You knew the following spells:

 Your Spells              Type           Power      Damage    Failure   Level
a - Freeze                Ice            100%       1d10      1%          1
b - Frozen Ramparts       Ice            60%        1d10      1%          3
c - Ozocubu's Armour      Ice            30%        N/A       1%          3
d - Irradiate             Conj/Tmut      2%         3d12      98%         5

Your spell library contained the following spells:

 Spells                   Type           Power      Damage    Failure   Level
 Sublimation of Blood     Necr           4%         N/A       22%         2
 Summon Ice Beast         Ice/Summ       17%        N/A       26%         4
 Tukima's Dance           Hex            4%         N/A       38%         3
 Olgreb's Toxic Radiance  Pois           4%         N/A       80%         4
 Passage of Golubria      Tloc           4%         N/A       80%         4
 Petrify                  Tmut/Erth      4%         N/A       80%         4
 Yara's Violent Unravell  Hex/Tmut       2%         3d3       98%         5
 Discord                  Hex            2%         N/A       100%        8
 Ignition                 Fire           2%         3d3       100%        8


Dungeon Overview and Level Annotations

Branches:
Dungeon (6/15)
 Temple: D:4-7

Altars:
Elyvilon
Kikubaaqudgha
Sif Muna

Shops:
D:6 (

Annotations:
D:6 1 transporter


Innate Abilities, Weirdness & Mutations

((You are very nimble when in or above water. (Stealth+, EV+, Speed+++)))
Your lower body shifts to a powerful aquatic tail in water.


Message History

The fire bat bites you but does no damage.
Unknown command.
Unknown command.
Unknown command.
Unknown command.
You barely miss the fire bat.
The fire bat is heavily wounded.
The fire bat closely misses you.
Unknown command.
Unknown command.
Unknown command.
The fire bat bites you.
You are engulfed in flames!
You hit the fire bat.
The fire bat looks as sick as possible!
The fire bat is heavily wounded.
The fire bat barely misses you.
Unknown command.
Unknown command.
The fire bat bites you but does no damage.
Casting: Frozen Ramparts (safe; 1% risk of failure)
Confirm with . or Enter, or press ? or * to list all spells.
Aiming: Freeze (safe; 1% risk of failure)
Press: ? - help, Shift-Dir - straight line, f - fire bat
Aim: a fire bat (severely wounded, extremely poisoned)
You freeze the fire bat!
The fire bat is frozen!
You kill the fire bat!
Unknown command.
Unknown command.
Unknown command.
Unknown command.
The frozen ramparts melt away.
Really walk into a travel-excluded area?
A fire bat comes into view.
You are engulfed in blazing flames.
There is an open gate here.
You are engulfed in blazing flames.
* * * LOW HITPOINT WARNING * * *
The fire bat bites you.
* * * LOW HITPOINT WARNING * * *
You are engulfed in flames!
You die...

............#####......#.#
......................>..###
..########.####............#
..#####....# ##.©..........#
...........###########..##.#
...........#○☼○?©?☼○○#..##.#
........##.#☼○°$!$○○☼#####.#
........##.#.○○...○☼○# #.#
........##.#°°.○@☼○○○# #.#
...........#○☼○b☼○.°○# #.#
........#######○°○#### #<#
.........# #°°...○.# ###
...#.....# #☼☼#.#☼○#
.....#...## #°○...○☼#
..........###○°#©#°○#
#.#.........#°☼○○○○☼#
#.#.........#☼.°○☼..#


You could see a fire bat.

Vanquished Creatures
  A fire bat (D:6)
  Edmund (D:4)
  An ice beast (D:5)
  A black bear (D:6)
  A centaur (D:6)
  A phantom (D:4)
  A gnoll sergeant (D:4)
  A scorpion (D:5)
  4 orc priests
  3 hounds
  A gnoll bouda (D:6)
  A sleepcap (D:5)
  An iguana (D:6)
  4 orc wizards
  11 gnolls
  6 adders
  A white imp (D:5)
  3 worms
  3 dart slugs
  16 orcs
  4 ball pythons
  8 endoplasms
  2 giant cockroaches
  13 goblins
  7 hobgoblins
  3 jackals (D:3)
  9 kobolds
  6 quokkas
  6 bats
  4 frilled lizards
  3 rats
127 creatures vanquished.

Notes
Turn   | Place    | Note
-------+----------+-------------------------------------------
     0 | D:1      | safid the Merfolk Ice Elementalist began the quest for the
                  | Orb.
     0 | D:1      | Reached XP level 1. HP: 13/13 MP: 3/3
   128 | D:1      | Found a faded altar of an unknown god.
   275 | D:1      | Reached skill level 1 in Fighting
   275 | D:1      | Reached XP level 2. HP: 6/21 MP: 0/5
   472 | D:1      | Reached XP level 3. HP: 26/26 MP: 6/6
  1011 | D:1      | Learned a level 3 spell: Frozen Ramparts
  1015 | D:1      | Learned a level 3 spell: Ozocubu's Armour
  1440 | D:2      | Reached skill level 5 in Ice Magic
  1440 | D:2      | Reached XP level 4. HP: 30/33 MP: 6/8
  2427 | D:3      | Reached XP level 5. HP: 11/39 MP: 3/9
  3201 | D:4      | Noticed Edmund
  3214 | D:4      | Killed Edmund
  3215 | D:4      | Reached XP level 6. HP: 30/47 MP: 4/11
  3362 | D:4      | Learned a level 5 spell: Irradiate
  3401 | D:4      | Found an ancient bone altar of Kikubaaqudgha.
  3522 | D:4      | Reached skill level 6 in Ice Magic
  4079 | D:4      | Reached XP level 7. HP: 54/54 MP: 6/13
  4272 | D:5      | Entered Level 5 of the Dungeon
  4463 | D:5      | Reached skill level 5 in Fighting
  4574 | D:5      | Reached skill level 7 in Ice Magic
  5054 | D:6      | Found Jyzxun's Weapon Shoppe.
  5080 | D:6      | Reached skill level 5 in Spellcasting
  5080 | D:6      | Reached XP level 8. HP: 58/62 MP: 8/15
  5379 | D:6      | Found a transporter.
  5500 | D:6      | Found a white marble altar of Elyvilon.
  5697 | D:6      | Found a shimmering blue altar of Sif Muna.
  5838 | D:6      | Found a transporter.
  5930 | D:6      | Slain by a fire bat

Illustrated notes

Levels and vault maps discovered:
D:1:      lightli_arrival_windingriver, layout_rooms,
          shapermc_ecumenical_altar_totnotflames, st_stairs_11,
          kennysheep_small_spiral, minmay_tromino_v2
D:2:      layout_basic, serial_aquarium, aquarium_bridge_straight
          [aquarium_subvault_bridge, aquarium_subvault_window,
          aquarium_subvault_bridge, aquarium_subvault_balcony],
          aquarium_window_1, aquarium_window_1, aquarium_view_4,
          aquarium_view_2c, aquarium_pool_four
D:3:      layout_rooms, minmay_ruptured
D:4:      layout_rooms, lemuel_crystal_altar, lightli_minifort, uniq_edmund
D:5:      layout_basic
D:6:      gammafunk_cloud_chamber, layout_basic, grunt_temple_overflow_open,
          serial_shops, shop

Skill      XL: |  1  2  3  4  5  6  7  8 |
---------------+-------------------------+-----
Fighting       | 1 2 3 4 5 6 |  6.3
Ice Magic      | 5 6 7 |  7.9
Spellcasting   | 3 4 5 |  5.7
Dodging        | |  2.6
Stealth        | |  2.1

Action                     |  1- 3 |  4- 6 |  7- 9 || total
---------------------------+-------+-------+-------++-------
  Melee: Dagger            |    96 |   147 |    65 ||   308
         Tailslap          |     2 |       |       ||     2
         Punch             |       |       |     2 ||     2
   Cast: Freeze            |    38 |    10 |     7 ||    55
         Frozen Ramparts   |       |    11 |    16 ||    27
         Ozocubu's Armour  |       |     5 |    11 ||    16
    Use: Scroll            |       |       |     4 ||     4
   Stab: Sleeping          |     1 |     3 |       ||     4
 Armour: Robe              |    27 |    34 |    54 ||   115
  Dodge: Dodged            |    88 |   103 |    67 ||   258
